 Dungeon Crawl Stone Soup version 0.31-a0-986-g5e6e4ef867 (webtiles) character file.

Game seed: 16388147555613993601

705 2FriedEggs the Ruffian (level 7, -2/62 HPs)
             Began as a Naga Shapeshifter on Nov 6, 2023.
             Slain by an iguana (6 damage)
             ... on level 4 of the Dungeon on Nov 9, 2023.
             The game lasted 00:08:09 (3364 turns).

2FriedEggs the Ruffian (Naga Shapeshifter)          Turns: 3364, Time: 00:08:09

Health: -2/62      AC:  5    Str: 18    XL:     7   Next: 67%
Magic:  7/7        EV:  9    Int: 10    God:
Gold:   142        SH:  0    Dex: 11    Spells: 6/6 levels left

rFire   + .          .
                       - Unarmed
rCold   . . .        (no shield)
rNeg    . . .        l - +2 robe {rF+}
rPois   +            (helmet currently unavailable)
rElec   .            (cloak currently unavailable)
rCorr   .            (gloves currently unavailable)
SInv    +            (no barding)
Will    .....        (no amulet)
Stlth   +            m - ring of flight
HPRegen 0.30/turn    (no ring)
MPRegen 0.10/turn

%: no passive effects
@: beast-form, attractive, flying, very slow
A: beast (slay +3), AC +2, large, see invisible, deformed body, poison
resistance, slowness 2, spit poison 1, naga tail 1
a: Spit Poison, Begin Untransformation


You were on level 4 of the Dungeon.
You were a hulking beast.
You visited 1 branch of the dungeon, and saw 4 of its levels.

You collected 142 gold pieces.

Inventory:

Armour
 a - a +0 animal skin
 i - a +0 scale mail
 l - a +2 robe of fire resistance (worn)
Jewellery
 m - a ring of flight (left hand)
 q - a ring of magical power
Talismans
 c - a beast talisman (active)
 d - a flux talisman
Wands
 b - a wand of light (6)
 s - a wand of iceblast (3)
Scrolls
 e - a scroll of blinking {unknown}
 h - a scroll of immolation
 k - 2 scrolls of teleportation
 n - 3 scrolls of fog
 o - a scroll of torment
 r - a scroll of amnesia {unknown}
Potions
 g - a potion of heal wounds {unknown}
 j - a potion of attraction
 p - a potion of ambrosia {unknown}


   Skills:
 + Level 3.6 Fighting
 - Level 1.5 Dodging
 * Level 5.9 Unarmed Combat
 * Level 5.5 Shapeshifting


You had 6 spell levels left.
You didn't know any spells.
Your spell library contained the following spells:

 Spells                   Type           Power      Damage    Failure   Level
 Kiss of Death            Conj/Necr      0%         2d5       36%         1
 Confusing Touch          Hex            0%         N/A       75%         3
 Dispel Undead            Necr           0%         3d6       98%         4


Dungeon Overview and Level Annotations

Branches:
Dungeon (4/15)
 Temple: D:4-7

Altars:
Wu Jian
Xom
Zin

Shops:
D:1 [


Innate Abilities, Weirdness & Mutations

You are a hulking beast.
Your limbs bulge with bestial killing power. (Slay +3)
Your serpentine skin is tough. (AC +2)
You have supernaturally acute eyesight. (SInv)
Armour fits poorly on your strangely shaped body.
Your system is resistant to poisons. (rPois)
You cover ground very slowly.
You can spit poison.
You have a snake-like lower body.


Message History

The iguana hisses angrily.
You hit the gnoll.
The gnoll is lightly wounded.
The gnoll hits you with a +0 spear!
* * * LOW HITPOINT WARNING * * *
You hit the gnoll.
The gnoll is moderately wounded.
The gnoll hits you but does no damage.
You barely miss the gnoll.
The gnoll is moderately wounded.
The gnoll hits you with a +0 spear.
* * * LOW HITPOINT WARNING * * *
Aiming: Spit Poison (1% risk of failure)
Press: ? - help, Shift-Dir - straight line, f - gnoll
Aim: a gnoll, wielding a +0 spear (moderately wounded, 65% to hit)
Okay, then.
You feel better. The gnoll closely misses you.
Aiming: Spit Poison (1% risk of failure)
Press: ? - help, Shift-Dir - straight line, f - gnoll
Aim: a gnoll, wielding a +0 spear (moderately wounded, 65% to hit)
The splash of poison hits the gnoll.
The gnoll is heavily wounded.
The gnoll barely misses you.
Unknown command.
You hit the gnoll.
The gnoll is almost dead.
The iguana bites you!
* * * LOW HITPOINT WARNING * * *
The gnoll closely misses you.
You punch the gnoll!
You kill the gnoll!
The iguana bites you.
* * * LOW HITPOINT WARNING * * *
You feel better. The iguana bites you.
* * * LOW HITPOINT WARNING * * *
It was a potion of attraction.
You feel attractive to monsters.
You have got your breath back.
The iguana bites you.
You die...

..... .#.###.#.
#... #...#...#
...#####...#...####
#.#...#...#...#...
#.....#.###.#....
##)..###...###...
##)###.#...).#.###
#.).#...#...#...#.
#h..#...#####...#.
#l..#...# #...#.
##.###.#. .#.###
##. .###. .###. .
... ### (.. ... ..
#### ###


You could see an iguana.

Vanquished Creatures
  Grinder (D:3)
  Sigmund (D:2)
  An ogre (D:4)
  A sleepcap (D:4)
  Jessica (D:3)
  Ijyb (D:3)
  An orc wizard (D:3)
  6 adders
  4 gnolls (D:4)
  2 worms (D:2)
  A dart slug (D:1)
  6 orcs (D:3)
  6 bats
  5 endoplasms
  2 giant cockroaches (D:2)
  2 goblins
  2 hobgoblins
  4 kobolds
  A quokka (D:1)
  4 ball pythons
  2 frilled lizards (D:1)
  3 rats
57 creatures vanquished.

Notes
Turn   | Place    | Note
-------+----------+-------------------------------------------
     0 | D:1      | 2FriedEggs the Naga Shapeshifter began the quest for the
                  | Orb.
     0 | D:1      | Reached XP level 1. HP: 18/18 MP: 1/1
   563 | D:1      | Reached XP level 2. HP: 23/25 MP: 2/2
   984 | D:1      | Found Bavom's Armour Shoppe.
  1228 | D:2      | Reached XP level 3. HP: 31/31 MP: 3/3
  1317 | D:2      | Noticed Sigmund
  1332 | D:2      | Killed Sigmund
  1333 | D:2      | Reached XP level 4. HP: 40/40 MP: 4/4
  1333 | D:2      | Reached XP level 5. HP: 46/46 MP: 5/5
  1771 | D:2      | Reached XP level 6. HP: 52/55 MP: 6/6
  2022 | D:3      | Noticed Ijyb
  2033 | D:3      | Killed Ijyb
  2168 | D:3      | Noticed Jessica
  2170 | D:3      | Killed Jessica
  2204 | D:3      | Found a glowing silver altar of Zin.
  2204 | D:3      | Noticed an angel
  2205 | D:3      | Found a shimmering altar of Xom.
  2233 | D:3      | Reached skill level 5 in Unarmed Combat
  2516 | D:3      | Noticed Grinder
  2521 | D:3      | Paralysed by Grinder for 4 turns
  2528 | D:3      | Killed Grinder
  2529 | D:3      | Reached skill level 5 in Shapeshifting
  2529 | D:3      | Reached XP level 7. HP: 30/62 MP: 7/7
  2799 | D:3      | Found an ornate altar of the Wu Jian Council.
  3362 | D:4      | HP: 1/62 [iguana (6)]
  3364 | D:4      | Slain by an iguana

Illustrated notes

Levels and vault maps discovered:
D:1:      wander_arrival_lonely_grave, layout_loops_corners, serial_shops,
          nicolae_diamond_shop
D:2:      layout_rooms, uniq_sigmund
D:3:      layout_basic, grunt_temple_overflow_order_and_chaos_1,
          nicolae_wu_jian_immortal_techniques, minmay_statues_item,
          minmay_misc_feat_tiny, uniq_grinder, uniq_ijyb, uniq_jessica
D:4:      nicolae_cairo_tiling, layout_loops_ring,
          nicolae_qazlal_general_emergency

Skill      XL: |  1  2  3  4  5  6 |
---------------+-------------------+-----
Fighting       | 2 3 |  3.6
Unarmed Combat | 4 5 |  5.9
Shapeshifting  | 4 5 |  5.5
Dodging        | |  1.5

Action                     |  1- 3 |  4- 6 |  7- 9 || total
---------------------------+-------+-------+-------++-------
  Melee: Unarmed           |    72 |    69 |    35 ||   176
         Punch             |     1 |     2 |     3 ||     6
Ability: Spit Poison       |    15 |    11 |     4 ||    30
         Begin Untransform |     1 |       |       ||     1
  Evoke: Wand              |       |     2 |       ||     2
    Use: Potion            |     1 |     2 |     3 ||     6
         Scroll            |       |     4 |       ||     4
   Stab: Invisible         |       |     1 |       ||     1
 Armour: Animal skin       |    93 |       |       ||    93
         Scale mail        |    20 |       |       ||    20
         Skin              |     4 |     5 |       ||     9
         Robe              |       |    58 |    34 ||    92
  Dodge: Dodged            |    71 |    31 |    13 ||   115
   Form: Beast             |     1 |       |       ||     1

Table legend: (Time is in decaauts)
 A = Elapsed time spent in this place.
 B = Non-inter-level travel time spent in this place.
 C = Inter-level travel time spent in this place.
 D = Time resting spent in this place.
 E = Time spent auto-exploring this place.
 F = Levels seen in this place.
 G = Mean time per level.
                   A        B        C        D        E       F      G
               +--------+--------+--------+--------+--------+-----+--------+
         Total |   4212 |   4056 |    156 |    620 |   2750 |   4 | 1053.0 |
       Dungeon |   4212 |   4056 |    156 |    620 |   2750 |   4 | 1053.0 |
               +--------+--------+--------+--------+--------+-----+--------+

Top non-repeatable levels by time:
     D:1: 1436 daAuts
     D:3: 1386 daAuts
     D:2: 1056 daAuts
     D:4: 333 daAuts
